 Dungeon Crawl Stone Soup version 0.30.0-29-ga12c61a403 (webtiles) character file.

Game seed: 14932274242302552921

193 Ijustatesigmund the Stinger (level 5, -1/33 HPs)
             Began as an Octopode Venom Mage on June 14, 2023.
             Slain by a jackal (2 damage)
             ... on level 4 of the Dungeon.
             The game lasted 00:05:39 (4307 turns).

Ijustatesigmund the Stinger (Octopode Venom Mage)   Turns: 4307, Time: 00:05:39

Health: -1/33      AC:  1    Str:  7    XL:     5   Next: 72%
Magic:  9/9        EV: 13    Int: 19    God:
Gold:   174        SH:  0    Dex: 13    Spells: 4/10 levels left

rFire   . . .        b - +0 hand axe
rCold   . . .        (no shield)
rNeg    . . .        (helmet restricted)
rPois   .            (no amulet)
rElec   .            (no ring)
rCorr   .            (no ring)
SInv    .            (no ring)
Will    .....        (no ring)
Stlth   +++          (no ring)
HPRegen 0.25/turn    (no ring)
MPRegen 0.11/turn    (no ring)
                     (no ring)

%: no passive effects
@: no status effects
A: almost no armour, amphibious, 8 rings, camouflage 1, gelatinous body 1,
(nimble swimmer 1), tentacles
a: no special abilities


You were on level 4 of the Dungeon.
You visited 1 branch of the dungeon, and saw 4 of its levels.

You collected 174 gold pieces.

Inventory:

Hand Weapons
 b - a +0 hand axe (weapon)
 n - a +3 quarterstaff of chaos
Jewellery
 c - a ring of flight
 e - a ring of poison resistance
Scrolls
 h - 4 scrolls of teleportation
 j - 2 scrolls of immolation
Potions
 a - a potion of magic
 d - 7 potions of curing
 g - a potion of might
 k - a potion of invisibility {unknown}
 l - 3 potions of haste {unknown}
 m - a potion of attraction {unknown}


   Skills:
 - Level 1.1 Fighting
 - Level 2.0 Dodging
 - Level 2.6 Stealth
 + Level 3.2 Spellcasting
 + Level 1.9 Conjurations
 - Level 1.0 Transmutations
 + Level 2.0 Air Magic
 + Level 5.0 Poison Magic


You had 4 spell levels left.
You knew the following spells:

 Your Spells              Type           Power      Damage    Failure   Level
a - Sting                 Tmut/Pois      56%        1d5       4%          1
b - Poisonous Vapours     Pois/Air       32%        N/A       5%          2
c - Mephitic Cloud        Conj/Pois/Air  14%        N/A       13%         3

Your spell library contained the following spells:

 Spells                   Type           Power      Damage    Failure   Level
 Static Discharge         Conj/Air       20%        2-3/arc   10%         2
 Olgreb's Toxic Radiance  Pois           22%        N/A       19%         4
 Dazzling Flash           Conj/Hex       12%        N/A       30%         3
 Airstrike                Air            5%         2d(1-17)  54%         4
 Summon Lightning Spire   Summ/Air       6%         N/A       69%         4
 Silence                  Hex/Air        3%         N/A       95%         5
 Agony                    Necr           3%         N/A       99%         5
 Summon Forest            Summ/Tloc      1%         N/A       99%         5
 Summon Mana Viper        Hex/Summ       3%         N/A       99%         5
 Summon Cactus Giant      Summ           1%         N/A       100%        6


Dungeon Overview and Level Annotations

Branches:
Dungeon (4/15)             Temple (0/1) D:4

Altars:
Vehumet

Annotations:
D:4 exclusion: statue


Innate Abilities, Weirdness & Mutations

You cannot wear most types of armour.
You are amphibious.
You can wear up to eight rings at the same time.
Your skin changes colour to match your surroundings (Stealth+).
Your rubbery body absorbs attacks. (AC +1, EV +1)
((You are camouflaged when in or above water. (Stealth+)))
You have tentacles for arms and can constrict up to eight enemies at once.


Message History

You constrict the sleepcap. The sleepcap closely misses you.
The sleepcap barely misses you.
You hit the sleepcap.
The sleepcap is moderately damaged.
You constrict the sleepcap.
The jackal barks!
A jackal comes into view.
The sleepcap closely misses you.
The jackal barks!
You hit the sleepcap. You squeeze the sleepcap.
The sleepcap is heavily damaged.
You constrict the sleepcap. The sleepcap closely misses you.
The jackal closely misses you.
You hit the sleepcap. You squeeze the sleepcap!
The sleepcap is almost destroyed.
You barely miss the jackal. You constrict the sleepcap.
The sleepcap releases spores at you.
You are engulfed in a cloud of soporific spores!
You fall asleep.
You lose your grip on the sleepcap.
The jackal bites you.
You wake up.
The sleepcap releases spores at you!
You hit the sleepcap. You grab the sleepcap.
You squeeze the sleepcap, but do no damage.
The sleepcap is almost destroyed.
You hit the jackal but do no damage. x2
You constrict the sleepcap, but do no damage.
The jackal closely misses you. The sleepcap releases spores at you!
* * * LOW HITPOINT WARNING * * *
The jackal bites you.
* * * LOW HITPOINT WARNING * * *
The jackal misses you.
You hit the sleepcap.
You destroy the sleepcap!
You hit the jackal. You completely miss the jackal. You hit the jackal.
The jackal bites you.
* * * LOW HITPOINT WARNING * * *
The jackal misses you. The jackal bites you.
* * * LOW HITPOINT WARNING * * *
The jackal bites you.
You die...

..## ##.....#
...# #......#
##.. #......#
#......# #
#......# ..##
##....##
.....####....#
......hh....##
.......@...##
....!..h.###
.....#...#
.... #...# ...
#...# .. #....
. #.... #.....


You could see 3 jackals.

Vanquished Creatures
  A hound (D:3)
  Crazy Yiuf (D:3)
  A sleepcap (D:4)
  2 adders (D:2)
  3 gnolls (D:3)
  3 dart slugs
  5 orcs
  9 bats
  7 endoplasms
  4 giant cockroaches
  8 goblins
  6 hobgoblins
  4 jackals (D:1)
  5 quokkas
  4 ball pythons
  5 frilled lizards
  4 kobolds
  4 rats
76 creatures vanquished.

Notes
Turn   | Place    | Note
-------+----------+-------------------------------------------
     0 | D:1      | Ijustatesigmund the Octopode Venom Mage began the quest for
                  | the Orb.
     0 | D:1      | Reached XP level 1. HP: 11/11 MP: 3/3
    70 | D:1      | Reached XP level 2. HP: 15/18 MP: 1/5
   174 | D:1      | Reached skill level 1 in Fighting
   176 | D:1      | Reached skill level 4 in Poison Magic
   249 | D:1      | Learned a level 2 spell: Poisonous Vapours
   287 | D:1      | Reached XP level 3. HP: 23/23 MP: 3/6
   291 | D:1      | Learned a level 3 spell: Mephitic Cloud
  1159 | D:2      | Reached skill level 1 in Air Magic
  1163 | D:2      | Reached XP level 4. HP: 21/28 MP: 6/8
  1369 | D:2      | Reached skill level 1 in Conjurations
  2617 | D:3      | Reached XP level 5. HP: 33/33 MP: 6/9
  3580 | D:3      | Found a runed translucent door.
  3581 | D:3      | Noticed Crazy Yiuf
  3595 | D:3      | Killed Crazy Yiuf
  3596 | D:3      | Reached skill level 5 in Poison Magic
  4148 | D:4      | Found a radiant altar of Vehumet.
  4148 | D:4      | Noticed a frost-covered statue
  4183 | D:4      | Found a staircase to the Ecumenical Temple.
  4307 | D:4      | HP: 1/33 [jackal (2)]
  4307 | D:4      | Slain by a jackal

Illustrated notes

Levels and vault maps discovered:
D:1:      dpeg_arrival_orchard, layout_loops_cross, minmay_cupped
D:2:      layout_basic
D:3:      layout_basic, uniq_crazy_yiuf_cottage
D:4:      layout_cave_pods, vehumet_statue, minmay_temple_entry_trees

Skill      XL: |  1  2  3  4  5 |
---------------+----------------+-----
Fighting       | 1 |  1.1
Poison Magic   | 4 5 |  5.0
Air Magic      | 1 2 |  2.0
Conjurations   | 1 |  1.9
Spellcasting   | 3 |  3.2
Dodging        | |  2.0
Stealth        | |  2.6
Transmutations | |  1.0

Action                     |  1- 3 |  4- 6 || total
---------------------------+-------+-------++-------
  Melee: Unarmed           |    21 |       ||    21
         Constrict         |    19 |    20 ||    39
         Tentacles         |    20 |    15 ||    35
         Hand axe          |    54 |    64 ||   118
   Cast: Sting             |     4 |     6 ||    10
         Poisonous Vapours |     9 |    22 ||    31
         Mephitic Cloud    |       |     1 ||     1
    Use: Scroll            |     1 |     4 ||     5
   Stab: Sleeping          |     6 |     2 ||     8
         Confused          |       |     1 ||     1
 Armour: Skin              |     8 |     4 ||    12
  Dodge: Dodged            |    54 |    58 ||   112
